 Dungeon Crawl Stone Soup version 0.28-a0-1510-gd0f6b136d3 (webtiles) character file.

Game seed: 13256671510717608918

4 Shayle the Magician (level 1, -2/19 HPs)
             Began as a Djinni Warper on Jan 16, 2022.
             Slain by a frilled lizard (3 damage)
             ... on level 1 of the Dungeon.
             The game lasted 00:00:24 (71 turns).

Shayle the Magician (Djinni Warper)                   Turns: 71, Time: 00:00:25

Health: -2/19      AC:  3    Str: 10    XL:     1   Next: 66%
Gold:   0          EV: 11    Int: 14    God:
                   SH:  0    Dex: 12

rFire   + + .      SeeInvis .     - Unarmed
rCold   x . .      Faith    .   (no shield)
rNeg    . . .      Spirit   .   a - +0 leather armour
rPois   ∞          Reflect  .   (no helmet)
rElec   .          Harm     .   (no cloak)
rCorr   .          Rampage  .   (no gloves)
Will    .....                   (boots unavailable)
Stlth   +.........              (no amulet)
HPRegen 0.06/turn               (no ring)
MPRegen 0.00/turn               (no ring)

@: flying
A: sickness immunity, fire resistance 2, cold vulnerability 1, float, innate
caster, hp casting, extra vitality 1
a: no special abilities


You were on level 1 of the Dungeon.
You visited 1 branch of the dungeon, and saw 1 of its levels.

Inventory:

Missiles
 c - 2 boomerangs of dispersal (quivered)
Armour
 a - a +0 leather armour (worn)
Scrolls
 b - a scroll of blinking
 d - a scroll of amnesia {unknown}


   Skills:
 + Level 2.4 Fighting
 - Level 0.7 Throwing
 - Level 1.0 Armour
 - Level 2.1 Dodging
 - Level 2.0 Unarmed Combat
 - Level 2.4 Spellcasting


You couldn't memorise any spells.
You knew the following spells:

 Your Spells              Type           Power      Damage    Failure   Level
a - Blink                 Tloc           16%        N/A       17%         2
b - Lesser Beckoning      Tloc           8%         N/A       34%         3
c - Gell's Gravitas       Tloc           8%         N/A       34%         3
d - Teleport Other        Tloc           8%         N/A       34%         3
e - Manifold Assault      Tloc           8%         N/A       97%         5
Your spell library was empty.

Dungeon Overview and Level Annotations

Branches:
Dungeon (1/15)

Altars:


Innate Abilities, Weirdness & Mutations

You are immune to sickness and miasma.
You are immune to poison.
Your flesh is very heat resistant. (rF++)
You are vulnerable to cold. (rC-)
You float through the air rather than walking.
You learn spells naturally, not from books.
Your magical power is your life essence.
You have superior vitality. (+4 MHP)


Message History

You closely miss the quokka.
The quokka is heavily wounded.
The quokka barely misses you.
You hit the quokka.
The quokka is severely wounded.
The quokka bites you.
You hit the quokka.
You kill the quokka!
You hit the frilled lizard but do no damage.
The frilled lizard bites you.
You miss the frilled lizard. The frilled lizard bites you.
* * * LOW HITPOINT WARNING * * *
You closely miss the frilled lizard. The frilled lizard closely misses you.
You miss the frilled lizard. The frilled lizard barely misses you.
You barely miss the frilled lizard. The frilled lizard misses you.
You closely miss the frilled lizard. The frilled lizard bites you.
* * * LOW HITPOINT WARNING * * *
You barely miss the frilled lizard.
The frilled lizard bites you but does no damage.
You barely miss the frilled lizard. The frilled lizard barely misses you.
Throw: 5 boomerangs (disperse)
Press: ? - help, Q - select action, (/) - cycle Shift-Dir - straight line, f - frilled lizard
Aim: a frilled lizard (38% to hit)
You throw a boomerang of dispersal.
The boomerang of dispersal closely misses the frilled lizard.
The frilled lizard closely misses you.
Throw: 4 boomerangs (disperse)
Press: ? - help, Q - select action, (/) - cycle Shift-Dir - straight line, f/p - frilled lizard
Aim: a frilled lizard (38% to hit)
You throw a boomerang of dispersal.
The boomerang of dispersal barely misses the frilled lizard.
The frilled lizard bites you.
* * * LOW HITPOINT WARNING * * *
Throw: 3 boomerangs (disperse)
Press: ? - help, Q - select action, (/) - cycle Shift-Dir - straight line, f/p - frilled lizard
Aim: a frilled lizard (38% to hit)
You throw a boomerang of dispersal.
The boomerang of dispersal barely misses the frilled lizard.
The frilled lizard bites you.
You die...

..... ..l[.#
......# .......
....... .......
.......#########
#...l@....#
#########.# #.#
#.# #.# #.##
#†.## ##...#
##....#


You could see a frilled lizard.

Vanquished Creatures
  A goblin (D:1)
  A hobgoblin (D:1)
  A quokka (D:1)
3 creatures vanquished.

Notes
Turn   | Place    | Note
-------+----------+-------------------------------------------
     0 | D:1      | Shayle the Djinni Warper began the quest for the Orb.
     0 | D:1      | Reached XP level 1. HP: 18/18 MP: 0/0
    71 | D:1      | Slain by a frilled lizard

Illustrated notes

Levels and vault maps discovered:
D:1:      psy_arrival_spokes, layout_basic, ebering_ecumenical_altar_mist

Action                   || total
-------------------------++-------
Melee: Unarmed           ||    32
Throw: Boomerang         ||     3
Armor: Leather armour    ||     5
Dodge: Dodged            ||    20

Table legend: (Time is in decaauts)
 A = Elapsed time spent in this place.
 B = Non-inter-level travel time spent in this place.
 C = Inter-level travel time spent in this place.
 D = Time resting spent in this place.
 E = Time spent auto-exploring this place.
 F = Levels seen in this place.
 G = Mean time per level.
                   A        B        C        D        E       F      G
               +--------+--------+--------+--------+--------+-----+--------+
         Total |     70 |     70 |      0 |      0 |     21 |   1 |   70.0 |
       Dungeon |     70 |     70 |      0 |      0 |     21 |   1 |   70.0 |
               +--------+--------+--------+--------+--------+-----+--------+

Top non-repeatable levels by time:
     D:1: 70 daAuts
